 Dungeon Crawl Stone Soup version 0.27.1-33-g824d729ab1 (webtiles) character file.

Game seed: 9745436675689750724

11 Findor the Firebug (level 2, -1/17 HPs)
             Began as an Octopode Fire Elementalist on Dec 3, 2021.
             Slain by a kobold (4 damage)
             ... on level 1 of the Dungeon.
             The game lasted 00:01:23 (584 turns).

Findor the Firebug (Octopode Fire Elementalist)      Turns: 584, Time: 00:01:24

Health: -1/17      AC:  1    Str:  7    XL:     2   Next: 25%
Magic:  2/5        EV: 13    Int: 17    God:
Gold:   45         SH:  0    Dex: 12    Spells: 4/5 levels left

rFire    . . .     SeeInvis .   b - +1 short sword
rCold    . . .     Faith    .   (no shield)
rNeg     . . .     Spirit   .   (helmet restricted)
rPois    .         Reflect  .   (no amulet)
rElec    .         Harm     .   (no ring)
rCorr    .         Rampage  .   (no ring)
Will     .....                  (no ring)
Stlth    +++.......             (no ring)
HPRegen  0.05/turn              (no ring)
MPRegen  0.09/turn              (no ring)
                                (no ring)
                                (no ring)

@: no status effects
A: almost no armour, amphibious, 8 rings, camouflage 1, gelatinous body 1,
(nimble swimmer 1), tentacles
a: no special abilities


You were on level 1 of the Dungeon.
You visited 1 branch of the dungeon, and saw 1 of its levels.

You collected 45 gold pieces.


Innate Abilities, Weirdness & Mutations

You cannot wear most types of armour.
You are amphibious.
You can wear up to eight rings at the same time.
Your skin changes colour to match your surroundings (Stealth+).
Your rubbery body absorbs attacks. (AC +1, EV +1)
((You are camouflaged near water. (Stealth+)))
You have tentacles for arms and can constrict up to eight enemies at once.


   Skills:
 - Level 2.0 Dodging
 - Level 2.6 Stealth
 + Level 2.2 Spellcasting
 + Level 1.4 Conjurations
 + Level 3.2 Fire Magic


You had 4 spell levels left.
You knew the following spells:

 Your Spells              Type           Power      Damage    Failure   Level
a - Foxfire               Conj/Fire      36%        2x1d5     7%          1

Your spell library contained the following spells:

 Spells                   Type           Power      Damage    Failure   Level
 Conjure Flame            Conj/Fire      9%         6-21      22%         3
 Inner Flame              Hex/Fire       7%         N/A       28%         3
 Sticky Flame             Conj/Fire      9%         2d3       56%         4
 Fireball                 Conj/Fire      4%         3d4       89%         5

Inventory:

Hand Weapons
 b - a +1 short sword (weapon)
   (You found it on level 1 of the Dungeon)
Magical Staves
 c - a staff of cold
   (You found it on level 1 of the Dungeon)


Message History

A jackal comes into view.
Your magical contamination has completely faded away.
A jackal comes into view.
A jackal comes into view.
The jackal barks!
The teleport trap disappears.
The jackal disappears!
You closely miss the rat.
The jackal barks!
You grab the rat. You constrict the rat. The rat barely misses you.
You hit the rat.
You kill the rat!
The kobold throws a stone.
The stone closely misses you.
The stone hits the jackal but does no damage.
You aren't carrying any potions.
As you read the scroll labelled KUMOJORRUFU, it crumbles to dust.
It is a scroll of enchant weapon.
Your +0 short sword glows red for a moment.
You hit the jackal. You grab the jackal. You squeeze the jackal.
You constrict the jackal, but do no damage.
The jackal barely misses you. The jackal completely misses you.
The jackal bites you.
You hit the jackal.
You kill the jackal!
The jackal misses you.
You hit the jackal. Your grab misses the jackal. The jackal misses you.
The kobold hits you with a +0 whip. The jackal completely misses you.
You barely miss the jackal. You grab the jackal. You squeeze the jackal.
You constrict the jackal, but do no damage.
The kobold hits you with a +0 whip.
* * * LOW HITPOINT WARNING * * *
The jackal closely misses you.
Unknown command.
Unknown command.
Unknown command.
You hit the jackal. You constrict the jackal.
You kill the jackal!
The kobold closely misses you.
You hit the kobold. Your grab misses the kobold. The kobold closely misses you.
You closely miss the kobold. Your grab misses the kobold.
The kobold barely misses you. The kobold hits you with a +0 whip.
* * * LOW HITPOINT WARNING * * *
Unknown command.
You aren't carrying any potions.
You hit the kobold.
You kill the kobold!
The kobold closely misses you.
You hit the kobold but do no damage. You grab the kobold.
You constrict the kobold, but do no damage.
The kobold hits you with a +0 short sword.
You die...

#.#####.#.####.# ####
#.......#.####.# # ..#
########.......# # #.# #...#####
# ###########.#### #...# #
........K.K....# #...# #
........#.#.#..#######..>###### #
........#.#.#..##............>###
...............K@..[.............
(.....K........##.............###
...............#####.#...#.####
........ยง......# #.#...#.#
.....hh..###..## #.#...#(#
..#####... ..... #.#...#.# ..
...##.##.####.......#
..#............#######
#..........#.###....


You could see a kobold.

Vanquished Creatures
  A bat (D:1)
  An endoplasm (D:1)
  2 giant cockroaches (D:1)
  A hobgoblin (D:1)
  2 jackals (D:1)
  A kobold (D:1)
  A rat (D:1)
9 creatures vanquished.

Vanquished Creatures (others)
  12 foxfires (D:1)
12 creatures vanquished.

Grand Total: 21 creatures vanquished

Notes
Turn   | Place    | Note
-------+----------+-------------------------------------------
     0 | D:1      | Findor the Octopode Fire Elementalist began the quest for
                  | the Orb.
     0 | D:1      | Reached XP level 1. HP: 11/11 MP: 3/3
   562 | D:1      | Reached XP level 2. HP: 17/17 MP: 0/5
   582 | D:1      | HP: 3/17 [kobold (2)]
   584 | D:1      | Slain by a kobold

Levels and vault maps discovered:
D:1:      dpeg_arrival_radiant, layout_loops_cross

Action                   || total
-------------------------++-------
Melee: Unarmed           ||    11
       Short sword       ||    15
       Constrict         ||     7
       Tentacles         ||     3
 Cast: Foxfire           ||     6
  Use: Scroll            ||     1
Armor: Skin              ||     2
Dodge: Dodged            ||    34
